 Dungeon Sprint DCSS version 0.31.0-12-g77e489cdc1 (webtiles) character file.

Game seed: 11388134328154673909

46947 Heoruswealwe the Minotaur Porcupine (level 14, -2/152 (157) HPs)
             Began as a Minotaur Fighter on Feb 13, 2024.
             Was an Initiate of Gozag.
             Killed from afar by a tengu reaver (33 damage)
             ... with a bolt of poison
             ... in the Dungeon (Sprint IX: "|||||||||||||||||||||||||||||").
             The game lasted 00:37:25 (4930 turns).

Heoruswealwe the Minotaur Porcupine (MiFi)          Turns: 4930, Time: 00:37:26

HP:   -2/152 (157)  AC: 40    Str: 26    XL:     14   Next: 6%
MP:   13/13         EV: 13    Int:  5    God:    Gozag
Gold: 772           SH:  5    Dex: 10    Spells: 13/13 levels left

rFire   + . .        b - +5 bardiche (protect)
rCold   . . .        (shield currently unavailable)
rNeg    . . .        c - +2 plate armour
rPois   .            g - +2 hat
rElec   .            h - +1 cloak
rCorr   +            f - +1 pair of gloves
SInv    +            e - +1 pair of boots {Stlth+}
Will    +....        i - amulet of reflection Stlth
                     k - +2 ring of evasion
HPRegen 0.45/turn    j - ring of Vogaofru {rF+ rCorr SInv}
MPRegen 0.13/turn

%: no teleportation, reflection
@: lethally poisoned (-2 -> -22), under a protective aura, lightly drained
A: horns 2, retaliatory headbutt
a: Renounce Religion, Potion Petition, Call Merchant, Bribe Branch


You were in the Dungeon.
You worshipped Gozag.
Gozag was pleased with you.
You visited 1 branch You collected 14586 gold pieces.
You spent 5220 gold pieces at shops.
You paid 8594 gold pieces to Gozag.

Inventory:

Hand Weapons
 a - a +0 trident
 b - a +5 bardiche of protection (weapon)
 A - the +7 great mace "Firestarter" {flame, immolate, rFlCloud rF++}
   (You bought it in a shop in the Dungeon)

   rFlCloud:  It grants immunity to clouds of flame.
   rF++:      It greatly protects you from fire.
 B - the +3 giant club "Skullcrusher" {speed, Str+7}
   (You bought it in a shop in the Dungeon)

   Str+7:     It affects your strength (+7).
Armour
 c - a +2 plate armour (worn)
 d - a +1 kite shield of reflection
 e - a +1 pair of boots of stealth (worn)
 f - a +1 pair of gloves (worn)
 g - a +2 hat (worn)
 h - a +1 cloak (worn)
Jewellery
 i - an amulet of reflection (around neck)
 j - the ring of Vogaofru (right hand) {rF+ rCorr SInv}
   (You bought it in a shop in the Dungeon)

   [ring of protection from fire]

   rF+:       It protects you from fire.
   SInv:      It lets you see invisible.
   rCorr:     It protects you from acid and corrosion.
 k - a +2 ring of evasion (left hand)
Wands
 o - a wand of light (18)
 w - a wand of iceblast (6)
 x - a wand of flame (12)
Scrolls
 m - 4 scrolls of enchant armour
 n - 8 scrolls of identify
 u - 2 scrolls of blinking
Potions
 l - 5 potions of curing
 p - 3 potions of might
 q - 3 potions of haste
 r - a potion of ambrosia
 s - 3 potions of mutation
 v - 3 potions of heal wounds


   Skills:
 + Level 23.2 Fighting
 O Level 27 Polearms
 + Level 23.2 Armour
 + Level 10.0 Dodging
 + Level 11.5 Shields
 + Level 8.4 Evocations


You had 13 spell levels left.
You didn't know any spells.
Your spell library contained the following spells:

 Spells                   Type           Power      Damage    Failure   Level
 Mercury Vapours          Alch/Air       0%         N/A       97%         2
 Mephitic Cloud           Conj/Alch/Air  0%         N/A       100%        3
 Summon Blazeheart Golem  Fire/Summ      0%         N/A       100%        4
 Freezing Cloud           Conj/Ice/Air   0%         6-21      100%        5
 Orb of Destruction       Conj           0%         9d5       100%        7
 Spellforged Servitor     Conj/Summ      0%         N/A       100%        7


Dungeon Overview and Level Annotations

Branches:
Dungeon (1/1)

Altars:
Cheibriados
Dithmenos
Elyvilon
Fedhas
Gozag
Hepliaklqana
Kikubaaqudgha
Makhleb
Nemelex Xobeh
Okawaru
Qazlal
Ru
Sif Muna
Trog
Uskayaw
Vehumet
Wu Jian
Xom
Yredelemnul
Zin
The Shining One
Jiyva
Lugonu

Shops:
D !=?*(((([((*


Innate Abilities, Weirdness & Mutations

You have a pair of horns on your head.
You reflexively headbutt those who attack you in melee.


Message History

You feel much better.
The tengu reaver hits you but does no damage.
The tengu reaver pecks you but does no damage.
The tengu reaver misses you.
You completely miss the tengu reaver. Your headbutt misses the tengu reaver.
You barely miss the tengu reaver.
The tengu reaver hits you with a +0 bardiche!
* * * LOW HITPOINT WARNING * * *
You block the tengu reaver's attack.
The tengu reaver claws you but does no damage.
You closely miss the tengu reaver.
The tengu reaver gestures at you while chanting.
The bolt of poison hits you.
You are poisoned.
* * * LOW HITPOINT WARNING * * *
You feel better.
The tengu reaver hits you with a +0 bardiche.
* * * LOW HITPOINT WARNING * * *
The tengu reaver pecks you.
* * * LOW HITPOINT WARNING * * *
The tengu reaver claws you but does no damage.
You closely miss the tengu reaver. Your headbutt misses the tengu reaver.
You block the tengu reaver's attack.
The tengu reaver pecks you but does no damage.
The tengu reaver claws you but does no damage.
You miss the tengu reaver. You headbutt the tengu reaver.
The tengu reaver is lightly wounded.
You chop the tengu reaver into pieces!!!
Your weapon exudes an aura of protection.
You headbutt the tengu reaver!
The tengu reaver is severely wounded.
The tengu reaver gestures at you while chanting.
The bolt of cold hits you!!
* * * LOW HITPOINT WARNING * * *
You feel much better.
The tengu reaver gestures at you while chanting.
The bolt of poison hits you!!
You are poisoned.
You die...
Your body crumbles into a pile of gold.

.▓.▓.▓.▓.▓.▓.▓.▓.▓,*,*,*,*,*,*,*,
.▓.▓.▓.▓'▓.▓.▓.▓.▓,*,*,*,*,*,*,*,
.▓.▓.▓.▓=▓.▓.▓.▓.▓,*,*,*,*,*+*,*,
.▓.▓.▓.▓"▓.▓.▓.▓.▓,*,*,*,*,*,*,*,
.▓.▓.▓.▓=▓.▓.▓.▓.▓,*+*,*,*,*,*,*,
)▓.▓[▓)▓.▓.▓.▓.▓.▓,*,*,*,*,*,*,*,
?▓.▓.▓.▓.▓.▓.▓.▓.▓,*,*,*,*,*,*,*,
?▓.▓.▓.▓)▓.▓)▓.▓$▓,*,*,*,*,*,*,*,
.▓.▓.▓.▓)▓.▓.▓.▓@▓,*,*,*,*,*,*,*,
.▓.▓.▓.▓)▓.▓.▓.▓Q▓,*,*,*,*,*,*,*,
.▓.▓.▓.▓)▓.▓.▓.▓D▓,*,*,*,*,*,*,*,
.▓.▓.▓.▓)▓.▓.▓.▓C▓,*,*,*,*,*,*,*,
.▓.▓.▓)▓)▓.▓.▓.▓.▓,*,*,*,*,*,*,*,
'▓.▓.▓.▓)▓.▓.▓.▓.▓,*,*,*+*,*,*,*,
.▓.▓.▓.▓)▓.▓.▓.▓.▓,*,*,*,*,*,*,*,
.▓.▓.▓.▓[▓.▓.▓.▓.▓,*,*,*,*,*,*,*,
.▓.▓.▓.▓[▓.▓.▓.▓,*,*,*,*,*,*,*,*,


You could see a storm dragon, a fire giant and a tengu reaver (repels missiles).

Vanquished Creatures
  Rupert (D)
  Gastronok (D)
  An emperor scorpion (D)
  2 frost giants (D)
  A ghost moth (D)
  A broodmother (D)
  A vampire knight (D)
  2 very ugly things (D)
  A stone giant (D)
  A bunyip (D)
  A dire elephant (D)
  A spark wasp (D)
  2 ettins (D)
  A rakshasa (D)
  3 hydras (D)
  A boulder beetle (D)
  A centaur warrior (D)
  2 vampire magi (D)
  A spriggan berserker (D)
  A satyr (D)
  A naga warrior (D)
  A shock serpent (D)
  An orc high priest (D)
  3 naga sharpshooters (D)
  An occultist (D)
  A skyshark (D)
  Sonja (D)
  A pharaoh ant (D)
  A goliath frog (D)
  A sea snake (D)
  A spriggan druid (D)
  A lindwurm (shapeshifter) (D)
  A swamp dragon (D)
  8 orc knights (D)
  2 deep elf pyromancers (D)
  A wolf spider (D)
  2 cyclopes (D)
  2 ugly things (D)
  3 manticores (D)
  3 black mambas (D)
  8 elephants (D)
  A meliai (D)
  2 torpor snails (D)
  An eye of devastation (shapeshifter) (D)
  4 cane toads (D)
  2 komodo dragons (D)
  2 tengu conjurers (D)
  A freezing wraith (D)
  Psyche (D)
  A polar bear (D)
  3 merfolk (D)
  A wind drake (D)
  A tyrant leech (D)
  A tarantella (D)
  A tarantella (shapeshifter) (D)
  A dream sheep (D)
  A blink frog (D)
  A shadow (D)
  A wyvern (D)
  2 yaks (D)
  2 wraiths (D)
  An acid dragon (D)
  A naga (D)
  3 water moccasins (D)
  18 orc warriors (D)
  A wolf (D)
  A phantom (D)
  A kobold brigand (D)
  A wight (D)
  3 orc priests (D)
  A jelly (D)
  3 orc wizards (D)
  2 adders (D)
  7 orcs (D)
  A bat (D)
  A ball python (D)
  A goblin (D)
  2 kobolds (D)
148 creatures vanquished.

Vanquished Creatures (others)
  A bloated husk (D)
1 creature vanquished.

Grand Total: 149 creatures vanquished

Notes
Turn   | Place    | Note
-------+----------+-------------------------------------------
     0 | D        | Heoruswealwe the Minotaur Fighter began the quest for the
                  | Orb.
     0 | D        | Reached XP level 1. HP: 19/19 MP: 0/0
     7 | D        | Reached skill level 3 in Polearms
    25 | D        | Noticed a phantom
    25 | D        | Noticed a jelly
    28 | D        | Reached skill level 4 in Polearms
    28 | D        | Reached XP level 2. HP: 28/28 MP: 1/1
    36 | D        | Killed a phantom
    37 | D        | Reached skill level 7 in Polearms
    37 | D        | Reached XP level 3. HP: 32/37 MP: 2/2
    37 | D        | Reached XP level 4. HP: 38/44 MP: 3/3
    38 | D        | Reached skill level 8 in Polearms
    49 | D        | Found a snail-covered altar of Cheibriados.
    49 | D        | Found a shadowy altar of Dithmenos.
    49 | D        | Found a white marble altar of Elyvilon.
    49 | D        | Found a blossoming altar of Fedhas.
    49 | D        | Found an opulent altar of Gozag.
    50 | D        | Found a hazy altar of Hepliaklqana.
    51 | D        | Found a viscous altar of Jiyva.
    52 | D        | Found an ancient bone altar of Kikubaaqudgha.
    53 | D        | Found a corrupted altar of Lugonu.
    54 | D        | Found a burning altar of Makhleb.
    55 | D        | Found a sparkling altar of Nemelex Xobeh.
    56 | D        | Found an iron altar of Okawaru.
    57 | D        | Became a worshipper of Gozag Ym Sagoz the Greedy
    58 | D        | Found a stormy altar of Qazlal.
    59 | D        | Found a sacrificial altar of Ru.
    60 | D        | Found a shimmering blue altar of Sif Muna.
    61 | D        | Found a bloodstained altar of Trog.
    62 | D        | Found a hide-covered altar of Uskayaw.
    63 | D        | Found a radiant altar of Vehumet.
    64 | D        | Found an ornate altar of the Wu Jian Council.
    65 | D        | Found a shimmering altar of Xom.
    66 | D        | Found a basalt altar of Yredelemnul.
    67 | D        | Found a glowing silver altar of Zin.
    68 | D        | Found a glowing golden altar of the Shining One.
   127 | D        | Noticed a kobold brigand
   127 | D        | Noticed a wraith
   127 | D        | Noticed a yak
   127 | D        | Noticed an orc warrior
   127 | D        | Noticed an acid dragon
   135 | D        | Killed a kobold brigand
   136 | D        | Reached skill level 9 in Polearms
   136 | D        | Reached XP level 5. HP: 53/53 MP: 4/4
   140 | D        | Killed a wraith
   141 | D        | Reached skill level 11 in Polearms
   141 | D        | Reached XP level 6. HP: 60/62 MP: 5/5
   147 | D        | Killed a yak
   148 | D        | Reached skill level 12 in Polearms
   154 | D        | Reached XP level 7. HP: 56/71 MP: 6/6
   158 | D        | Reached skill level 10 in Fighting
   158 | D        | Reached skill level 13 in Polearms
   158 | D        | Reached skill level 10 in Armour
   240 | D        | Noticed a shadow
   240 | D        | Noticed a brown ugly thing
   240 | D        | Noticed a centaur warrior
   240 | D        | Noticed a cyclops
   240 | D        | Noticed a manticore
   240 | D        | Noticed a wraith
   250 | D        | Killed a brown ugly thing
   251 | D        | Reached skill level 15 in Polearms
   251 | D        | Reached XP level 8. HP: 77/82 MP: 7/7
   253 | D        | Killed a centaur warrior
   254 | D        | Reached skill level 16 in Polearms
   262 | D        | Killed a cyclops
   263 | D        | Reached skill level 17 in Polearms
   263 | D        | Reached XP level 9. HP: 60/92 MP: 8/8
   266 | D        | Killed a manticore
   270 | D        | Reached skill level 18 in Polearms
   499 | D        | Noticed a komodo dragon
   499 | D        | Noticed a cane toad
   499 | D        | Noticed a cane toad
   499 | D        | Noticed a black mamba
   499 | D        | Noticed a cane toad
   501 | D        | Noticed a komodo dragon
   506 | D        | Killed a komodo dragon
   509 | D        | Killed a cane toad
   521 | D        | Killed a cane toad
   526 | D        | Killed a black mamba
   527 | D        | Reached skill level 19 in Polearms
   529 | D        | Killed a cane toad
   530 | D        | Reached XP level 10. HP: 43/104 MP: 9/9
   711 | D        | Reached skill level 20 in Polearms
   750 | D        | Noticed an elephant
   750 | D        | Noticed a cane toad
   754 | D        | Reached skill level 15 in Fighting
   754 | D        | Reached skill level 15 in Armour
   757 | D        | Noticed a skyshark
   765 | D        | Killed an elephant
   777 | D        | Killed a cane toad
   783 | D        | Killed a skyshark
   784 | D        | Reached skill level 21 in Polearms
   890 | D        | Noticed an elephant
   890 | D        | Noticed an elephant
   890 | D        | Noticed an elephant
   890 | D        | Noticed a dire elephant
   890 | D        | Noticed an elephant
   890 | D        | Noticed an elephant
   896 | D        | Killed an elephant
   908 | D        | Killed a dire elephant
   909 | D        | Reached XP level 11. HP: 67/114 MP: 10/10
   919 | D        | Reached skill level 22 in Polearms
  1149 | D        | Noticed an orc knight
  1149 | D        | Noticed an orc knight
  1149 | D        | Noticed an orc knight
  1149 | D        | Noticed an orc knight
  1149 | D        | Noticed Gastronok
  1149 | D        | Found Ejeibleh's Assorted Antiques.
  1149 | D        | Found Viteneg's Magic Scroll Emporium.
  1149 | D        | Found Fosocu's Jewellery Shoppe.
  1149 | D        | Found Isef's Distillery.
  1251 | D        | Noticed an orc high priest
  1258 | D        | Killed an orc high priest
  1259 | D        | Reached skill level 23 in Polearms
  1401 | D        | Noticed an orc knight
  1420 | D        | Killed an orc knight
  1433 | D        | Noticed an orc knight
  1439 | D        | Noticed an orc knight
  1456 | D        | Killed an orc knight
  1463 | D        | Killed an orc knight
  1664 | D        | Noticed an orc knight
  1670 | D        | Killed an orc knight
  1671 | D        | Reached skill level 24 in Polearms
  1684 | D        | Killed an orc knight
  1876 | D        | Killed an orc knight
  1891 | D        | Killed an orc knight
  1899 | D        | Killed an orc knight
  1900 | D        | Reached XP level 12. HP: 69/128 MP: 11/11
  2060 | D        | Killed Gastronok
  2061 | D        | Reached skill level 25 in Polearms
  2109 | D        | Bought a potion of ambrosia for 80 gold pieces
  2109 | D        | Bought a potion of mutation for 80 gold pieces
  2109 | D        | Bought a potion of lignification for 30 gold pieces
  2109 | D        | Bought a potion of mutation for 80 gold pieces
  2109 | D        | Bought 2 potions of curing for 60 gold pieces
  2109 | D        | Bought a potion of curing for 30 gold pieces
  2109 | D        | Bought a potion of mutation for 80 gold pieces
  2109 | D        | Bought a potion of haste for 100 gold pieces
  2109 | D        | Bought a potion of curing for 30 gold pieces
  2111 | D        | Bought the ring of Vogaofru {rF+ rCorr SInv} for 585 gold
                  | pieces
  2113 | D        | Bought a scroll of identify for 26 gold pieces
  2113 | D        | Bought a scroll of identify for 26 gold pieces
  2113 | D        | Bought a scroll of identify for 26 gold pieces
  2113 | D        | Bought a scroll of brand weapon for 123 gold pieces
  2113 | D        | Bought a scroll of enchant weapon for 97 gold pieces
  2113 | D        | Bought a scroll of immolation for 52 gold pieces
  2113 | D        | Bought a scroll of revelation for 97 gold pieces
  2115 | D        | Bought a scroll of identify for 52 gold pieces
  2115 | D        | Bought a scroll of identify for 52 gold pieces
  2115 | D        | Bought a potion of heal wounds for 130 gold pieces
  2115 | D        | Bought a ruby ring for 130 gold pieces
  2130 | D        | Noticed a boulder beetle
  2153 | D        | Bought the +7 great mace "Firestarter" {flame, immolate,
                  | rFlCloud rF++} for 1281 gold pieces
  2153 | D        | Found the +7 great mace "Firestarter" {flame, immolate,
                  | rFlCloud rF++}
  2161 | D        | Bought the +3 giant club "Skullcrusher" {speed, Str+7} for
                  | 877 gold pieces
  2161 | D        | Found the +3 giant club "Skullcrusher" {speed, Str+7}
  2215 | D        | Noticed Sonja
  2226 | D        | Killed Sonja
  2404 | D        | Noticed Psyche
  2422 | D        | Killed Psyche
  2661 | D        | Killed a boulder beetle
  2662 | D        | Reached skill level 26 in Polearms
  2664 | D        | Noticed a purple very ugly thing
  2666 | D        | Noticed a frost giant
  2671 | D        | Noticed a green very ugly thing
  2672 | D        | Noticed a stone giant
  2677 | D        | Killed a purple very ugly thing
  2690 | D        | Killed a frost giant
  2696 | D        | Killed a green very ugly thing
  2700 | D        | Killed a stone giant
  2701 | D        | Reached skill level 27 in Polearms
  2734 | D        | a steelbarb worm changed into a bunyip
  2734 | D        | Noticed a bunyip (glowing shapeshifter)
  2736 | D        | a bunyip changed into a cyclops
  2751 | D        | Noticed a frost giant
  2767 | D        | Killed a frost giant
  3164 | D        | Bought a pair of runed boots for 180 gold pieces
  3164 | D        | Bought a shiny kite shield for 180 gold pieces
  3164 | D        | Bought a glowing scarf for 192 gold pieces
  3387 | D        | Noticed Rupert
  3408 | D        | Killed Rupert
  3685 | D        | Reached XP level 13. HP: 143/143 MP: 12/12
  3691 | D        | Reached skill level 1 in Dodging
  3691 | D        | Reached skill level 1 in Evocations
  3717 | D        | Reached skill level 5 in Shields
  3962 | D        | Noticed a bunyip
  3980 | D        | Killed a bunyip
  3987 | D        | Reached skill level 5 in Dodging
  4141 | D        | Noticed an emperor scorpion
  4141 | D        | Noticed a broodmother
  4142 | D        | Noticed a ghost moth
  4147 | D        | Reached skill level 5 in Evocations
  4158 | D        | Killed an emperor scorpion
  4164 | D        | Killed a broodmother
  4172 | D        | Killed a ghost moth
  4190 | D        | HP: 6/145 [pharaoh ant (21)]
  4538 | D        | Reached skill level 10 in Shields
  4751 | D        | Bought a scroll labelled YRCHIG OSKO for 34 gold pieces
  4751 | D        | Bought a scroll of identify for 68 gold pieces
  4751 | D        | Bought a worn gold wand for 136 gold pieces
  4751 | D        | Bought a blackened copper wand for 136 gold pieces
  4751 | D        | Bought a crooked bronze wand for 136 gold pieces
  4751 | D        | Bought a scroll labelled GONEPOMEYN for 34 gold pieces
  4868 | D        | Noticed a vampire knight
  4868 | D        | Noticed a spark wasp
  4868 | D        | Noticed an ettin
  4877 | D        | Killed a vampire knight
  4890 | D        | Killed a spark wasp
  4893 | D        | Killed an ettin
  4900 | D        | Reached XP level 14. HP: 55/157 MP: 13/13
  4906 | D        | Noticed a tengu reaver
  4912 | D        | Noticed a storm dragon
  4919 | D        | Reached skill level 10 in Dodging
  4921 | D        | Noticed a fire giant
  4929 | D        | HP: 3/152 [tengu reaver/bolt of cold (32)]
  4930 | D        | Killed from afar by a tengu reaver

Illustrated notes

Levels and vault maps discovered:
D:        linesprint [early_d, line_temple, items_1, d_10, items_2, lair_1,
          lair_end, items_3, orc_1, orc_end, items_4, d_15, swamp_1, shoals_1,
          snake_1, spider_1, d_20, vaults_1, items_5, swamp_end, shoals_end,
          snake_end, spider_end, vaults_end, d_27, items_6, zot_1, zot_end,
          crypt_end, forest_end, elf_end, slime_end, tomb_end, abyss_end,
          pan_hell_end]

Skill      XL: |  1  2  3  4  5  6  7  8  9 10 11 12 13 14 |
---------------+-------------------------------------------+-----
Polearms       | 4 7 9 11 12 15 17 19 21 24 27 | 27.0
Fighting       | 4 6 7 8 9 11 12 14 16 18 21 23 | 23.2
Armour         | 4 6 7 8 9 11 12 14 16 18 21 23 | 23.2
Dodging        | 9 10 | 10.0
Shields        | 11 | 11.5
Evocations     | 8 |  8.4

Action                     |  1- 3 |  4- 6 |  7- 9 | 10-12 | 13-15 || total
---------------------------+-------+-------+-------+-------+-------++-------
  Melee: Trident           |    26 |     6 |       |       |       ||    32
         Headbutt          |     2 |     5 |     9 |    70 |    32 ||   118
         Halberd           |       |    26 |    63 |   179 |       ||   268
         Bardiche          |       |       |       |   177 |   173 ||   350
 Invoke: Call Merchant     |       |       |       |     5 |     3 ||     8
    Use: Potion            |       |       |     1 |     6 |    13 ||    20
         Scroll            |       |       |       |     6 |     2 ||     8
   Stab: Distracted        |       |       |       |     1 |     1 ||     2
 Armour: Scale mail        |    17 |     1 |       |       |       ||    18
         Chain mail        |       |    13 |    25 |    74 |       ||   112
         Plate armour      |       |       |       |   136 |   174 ||   310
  Dodge: Dodged            |     9 |    14 |    18 |    91 |    72 ||   204
  Block: Buckler           |     5 |       |       |       |       ||     5
         Other             |       |       |       |     7 |    30 ||    37
         Reflection        |       |       |       |       |     2 ||     2
